AoeStats
← jusart.92

Fortress

509989331Analyzed
4v4 RM · 4d ago on Sep 28, 2026· 37m 17s· 8 players
Game mode
Random Map
Map size
Huge
Population
200
Speed
Normal
Resources
Standard
Victory
Conquest
Starting age
Dark Age
Ending age
Imperial Age
RankedLock teamsTeams togetherTeam positionsShared explorationLock speedFull tech treeHidden civsTurbo modeCheats
Victory
Defeat
🇨🇱 Cumans · Chile
1296
+13
🇳🇿 Persians · New Zealand
1265
+14
🇨🇱 Italians · Chile
1252
+15
🇦🇷 Mongols · Argentina
1246
+15
🇺🇸 Malay · United States
1303
-17
1221
-14
🇹🇼 Teutons · Taiwan
1203
-13
🇲🇽 Varangians · Mexico
1194
-13
bastianbps
7:12 Feudal Age
11:14 Castle Age
9:37 Double-Bit Axe
9:57 Horse Collar
10:34 Loom
12:24 Bow Saw
12:16 Heavy Plow
18:58 Wheelbarrow
22:08 Hand Cart
22:14 Hand Cart
25:38 Imperial Age
23:52 Padded Archer Armor
25:26 Leather Archer Armor
25:09 Treadmill Crane
27:16 Chemistry
27:02 Ring Archer Armor
27:40 Pirotechnia
27:51 Conscription
27:46 Fletching
28:21 Ballistics
28:13 Clinker Construction
30:57 Scale Mail Armor
33:01 Masonry
33:44 Gold Mining
33:45 Stone Mining
35:47 Elite Skirmisher
36:33 Thumb Ring
36:32 Elite Genoese Crossbowman
自闭男孩
6:58 Feudal Age
11:50 Castle Age
12:23 Double-Bit Axe
12:19 Horse Collar
15:35 Bow Saw
17:36 Heavy Plow
18:30 Wheelbarrow
19:42 Hand Cart
27:15 Imperial Age
26:45 Gold Mining
27:55 Conscription
28:19 Crop Rotation
28:59 Two-Man Saw
27:54 Stone Mining
29:08 Gold Shaft Mining
29:16 Forging
28:29 Elite War Elephant
30:17 Scale Barding Armor
31:46 Husbandry
31:57 Bloodlines
32:10 Chain Barding Armor
32:26 Iron Casting
32:17 Devotion
34:14 Caravan
35:44 Plate Barding Armor
36:09 Blast Furnace
35:18 Cavalier
35:27 Light Cavalry
36:58 Hussar
[Tumbis] The Fujur
3:56 Loom
7:35 Feudal Age
19:19 Castle Age
18:28 Bloodlines
20:05 Town Watch
21:00 Steppe Husbandry
21:43 Double-Bit Axe
21:40 Horse Collar
23:49 Wheelbarrow
23:07 Gold Mining
23:08 Stone Mining
28:32 Forging
28:27 Scale Barding Armor
34:00 Imperial Age
32:26 Iron Casting
32:18 Chain Barding Armor
34:02 Elite Steppe Lancer
35:44 Blast Furnace
35:19 Plate Barding Armor
35:28 Bow Saw
34:52 Light Cavalry
37:09 Hussar
[ATARB]PELUCHE GUACHIN
1:27 Loom
8:05 Feudal Age
13:10 Castle Age
19:07 Double-Bit Axe
22:18 Gold Mining
26:49 Bow Saw
26:42 Fletching
27:31 Bodkin Arrow
28:39 Padded Archer Armor
30:40 Ballistics
34:43 Imperial Age
34:33 Fortified Wall
35:44 Wheelbarrow
35:05 Capped Ram
Tattletale Strangler
9:16 Feudal Age
12:01 Castle Age
10:09 Double-Bit Axe
11:56 Horse Collar
17:29 Town Watch
18:34 Town Watch
18:36 Loom
19:34 Gold Mining
22:02 Squires
22:57 Forging
23:02 Arson
25:11 Iron Casting
24:10 Pikeman
27:54 Imperial Age
26:34 Fletching
27:31 Ballistics
26:54 Treadmill Crane
28:20 Blast Furnace
27:15 Bodkin Arrow
27:15 Halberdier
27:25 Crossbowman
28:10 Thumb Ring
28:48 Arbalester
30:06 Bracer
30:08 Padded Archer Armor
31:10 Heavy Plow
32:22 Wheelbarrow
32:36 Conscription
33:33 Chemistry
32:54 Capped Ram
34:12 Hand Cart
34:28 Leather Archer Armor
35:37 Gold Shaft Mining
35:54 Ring Archer Armor
37:14 Husbandry
[FUCKI] Obi-One Canboneme
8:44 Feudal Age
12:31 Castle Age
10:22 Double-Bit Axe
10:47 Horse Collar
11:20 Gold Mining
13:50 Bow Saw
13:34 Gold Mining
14:00 Heavy Plow
14:21 Gold Mining
15:27 Wheelbarrow
17:38 Loom
20:22 Hand Cart
20:53 Stone Mining
22:17 Padded Archer Armor
23:24 Gold Shaft Mining
23:24 Stone Shaft Mining
29:03 Imperial Age
26:51 Squires
26:50 Town Watch
28:49 Ballistics
28:21 Pikeman
28:57 Fletching
29:23 Leather Archer Armor
30:19 Conscription
30:26 Bodkin Arrow
29:54 Elite Chu Ko Nu
33:16 Chemistry
32:20 Bracer
32:50 Ring Archer Armor
32:16 Halberdier
32:19 Elite Fire Lancer
34:24 Light Cavalry
35:15 Bloodlines
Mr.Big
3:48 Loom
7:18 Feudal Age
18:36 Castle Age
20:19 Fletching
20:45 Double-Bit Axe
22:41 Bow Saw
29:44 Guard Tower
30:24 Ballistics
jusart.92
8:05 Feudal Age
11:57 Castle Age
9:57 Loom
16:02 Double-Bit Axe
16:41 Padded Archer Armor
19:39 Bow Saw
22:44 Imperial Age
21:21 Fletching
21:46 Leather Archer Armor
21:41 Elite Skirmisher
23:59 Conscription
23:59 Leather Archer Armor
26:54 Bloodlines
26:45 Husbandry
26:43 Bodkin Arrow
29:38 Ballistics
32:54 Forging
33:17 Cavalier
35:24 Iron Casting
34:55 Scale Barding Armor
34:47 Vendel Legacy
Connection lost

Rejoining the realm…

Still unreachable

The connection could not be restored.

Session expired

The server has moved on; the page needs a fresh start.